 Dungeon Crawl Stone Soup version 0.19.4-9-g45fd643 (webtiles) character file.

525 Jynx the Cudgeler (level 7, 0/61 HPs)
             Began as a Minotaur Fighter on Feb 21, 2017.
             Slain by an ogre
             ... wielding a +0 giant club
              (20 damage)
             ... on level 4 of the Dungeon.
             The game lasted 00:04:41 (2395 turns).

Jynx the Cudgeler (Minotaur Fighter)                Turns: 2395, Time: 00:04:42

Health: 0/61       AC: 11    Str: 22    XL:     7   Next: 2%
Magic:  5/5        EV: 10    Int:  9    God:
Gold:   140        SH:  0    Dex: 17    Spells: 0 memorised, 6 levels left

rFire  . . .     SeeInvis .     v - +1 trident "Pysmios" {antimagic, rElec rC- Int+4 Dex+4} (curse)
rCold  x . .     Gourm    .     b - +1 scale mail
rNeg   . . .     Faith    .     (no shield)
rPois  .         Spirit   .     (helmet restricted)
rElec  +         Reflect  .     j - +0 cloak
rCorr  .         Harm     .     n - +1 pair of gloves {Dex+3}
MR     .....                    (no boots)
Stlth  ..........               (no amulet)
                                l - ring of magical power
                                p - ring of flight

@: no status effects
A: retaliatory headbutt, horns 2
a: Evoke Flight


You were on level 4 of the Dungeon.
You were not hungry.

You visited 1 branch of the dungeon, and saw 4 of its levels.

You collected 140 gold pieces.

Inventory:

Hand Weapons
 a - a +0 flail
 v - the cursed +1 trident "Pysmios" (weapon) {antimagic, rElec rC- Int+4 Dex+4}
   (You found it on level 4 of the Dungeon)

   It reduces the magical energy of the wielder, and disrupts the spells and
   magical abilities of those hit.
   Natural abilities and divine invocations are not affected.
   It affects your intelligence (+4).
   It affects your dexterity (+4).
   It makes you vulnerable to cold.
   It insulates you from electricity.
   It has a curse placed upon it.
Armour
 b - a +1 scale mail (worn)
 c - a +0 shield
 j - a +0 cloak (worn)
 n - a +1 pair of gloves of dexterity (worn)
Jewellery
 l - a ring of magical power (right hand)
 p - a ring of flight (left hand)
Scrolls
 e - 2 scrolls of teleportation
 s - a scroll of remove curse
Potions
 d - 3 potions of might
 i - a potion of cure mutation {unknown}
 k - a potion of curing {unknown}
 m - a potion of invisibility {unknown}
 o - a potion of cancellation {unknown}
 q - a potion of degeneration {unknown}
 r - a potion of resistance {unknown}
 t - a potion of heal wounds {unknown}
Comestibles
 f - 3 bread rations
 g - 5 fruits
 u - a meat ration


   Skills:
 + Level 5.5 Fighting
 - Level 7.6 Maces & Flails
 * Level 2.0 Polearms
 - Level 3.6 Armour
 - Level 1.0 Dodging
 - Level 0.3 Stealth
 - Level 3.6 Shields


You had 6 spell levels left.
You didn't know any spells.

Dungeon Overview and Level Annotations

Branches:
Dungeon (4/15)
 Temple: D:4-7

Altars:


Innate Abilities, Weirdness & Mutations

You reflexively headbutt those who attack you in melee.
You have a pair of horns on your head.


Message History

The ogre closely misses you. You furiously retaliate!
You headbutt the ogre!
You kill the ogre!
Your Polearms skill gained 2 levels and is now at level 2!
You have reached level 7!
An ogre comes into view. It is wielding a giant club.
The ogre shouts!
Things that are here:
a giant club; an ogre corpse You butcher the ogre corpse.
Things that are here:
a giant club; 5 chunks of flesh An ogre is nearby!
You see here 21 stones.
You hit the ogre.
The ogre is lightly wounded.
The ogre hits you with a giant club!
You hit the ogre. You headbutt the ogre.
The ogre is heavily wounded.
The ogre hits you with a giant club!!
You die...

..#.....######....###...
##
...###..........###.....
#
..##............'......8
................###.....
..................###...
#...................###.
..................)...#
......................##
................@......#
..............O.......#
................#
.>.............#
................#
................#
................
.............##


You could see an ogre.

Vanquished Creatures
  Sigmund (D:3)
  An ogre (D:4)
  The ghost of maxonian the Bolt Thrower, an amateur KoHu (D:3)
  2 orc wizards (D:4)
  3 gnolls (D:4)
  4 adders
  An ooze (D:1)
  2 worms (D:3)
  A dart slug (D:1)
  2 leopard geckos
  9 orcs
  3 giant cockroaches
  11 goblins
  7 hobgoblins
  A quokka (D:2)
  8 bats
  6 frilled lizards
  5 kobolds
  A quokka zombie (D:3)
  9 rats
78 creatures vanquished.

Notes
Turn   | Place    | Note
-------+----------+-------------------------------------------
     0 | D:1      | Jynx the Minotaur Fighter began the quest for the Orb.
     0 | D:1      | Reached XP level 1. HP: 19/19 MP: 0/0
   196 | D:1      | Reached XP level 2. HP: 27/27 MP: 1/1
   208 | D:1      | Reached skill level 3 in Maces & Flails
   592 | D:2      | Reached XP level 3. HP: 34/34 MP: 2/2
  1229 | D:3      | Reached skill level 5 in Fighting
  1245 | D:3      | Reached XP level 4. HP: 28/42 MP: 3/3
  1264 | D:3      | Reached skill level 4 in Maces & Flails
  1316 | D:3      | Noticed maxonian's ghost (amateur KoHu)
  1332 | D:3      | Killed maxonian's ghost
  1332 | D:3      | Reached skill level 5 in Maces & Flails
  1332 | D:3      | Reached XP level 5. HP: 30/48 MP: 4/4
  1595 | D:3      | Noticed Sigmund
  1605 | D:3      | Killed Sigmund
  1605 | D:3      | Reached skill level 6 in Maces & Flails
  1605 | D:3      | Reached XP level 6. HP: 56/56 MP: 5/5
  1812 | D:3      | Reached skill level 7 in Maces & Flails
  1919 | D:4      | Reached skill level 1 in Dodging
  2120 | D:4      | Got a crude trident
  2121 | D:4      | Identified the cursed +1 trident "Pysmios" {antimagic, rElec rC- Int+4 Dex+4} (You found it on level 4 of the Dungeon)
  2389 | D:4      | Reached XP level 7. HP: 29/61 MP: 5/6
  2395 | D:4      | Slain by an ogre

Skill      XL: |  1  2  3  4  5  6 |
---------------+-------------------+-----
Fighting       | 4 5 |  5.5
Maces & Flails | 3 5 6 7 |  7.6
Dodging        | 1 |  1.0
Polearms       | 2 |  2.0
Armour         | |  3.6
Stealth        | |  0.3
Shields        | |  3.6

Action                   |  1- 3 |  4- 6 |  7- 9 || total
-------------------------+-------+-------+-------++-------
Melee: Flail             |    79 |   100 |       ||   179
       Headbutt          |    10 |    20 |     1 ||    31
       Trident           |       |     8 |     2 ||    10
  Use: Scroll            |     5 |       |       ||     5
  Eat: Chunk             |       |     5 |       ||     5
Armor: Scale mail        |    48 |    56 |       ||   104
Dodge: Dodged            |    44 |    49 |       ||    93
